 Dungeon Crawl Stone Soup version 0.28-a0-1339-ga5422284a4 (webtiles) character file.

Game seed: 13504983512582685985

201 ReploidZero the Sneak (level 6, -1/32 HPs)
             Began as a Kobold Enchanter on Dec 28, 2021.
             Slain by a phantom (5 damage)
             ... on level 4 of the Dungeon.
             The game lasted 00:10:45 (3984 turns).

ReploidZero the Sneak (Kobold Enchanter)            Turns: 3984, Time: 00:10:45

Health: -1/32      AC:  3    Str:  6    XL:     6   Next: 7%
Magic:  7/11       EV: 15    Int: 18    God:
Gold:   164        SH:  0    Dex: 15    Spells: 4/12 levels left

rFire   . . .      SeeInvis .   a - +1 dagger (venom)
rCold   . . .      Faith    .   (no shield)
rNeg    + . .      Spirit   .   b - +1 robe
rPois   .          Reflect  .   (no helmet)
rElec   .          Harm     .   (no cloak)
rCorr   .          Rampage  .   (no gloves)
Will    .....                   (no boots)
Stlth   ++++......              (no amulet)
HPRegen 0.10/turn               r - ring of positive energy
MPRegen 0.12/turn               (no ring)

@: confusing by touch
A: small, no large weapons, nightstalker 3, MP-powered wands
a: no special abilities


You were on level 4 of the Dungeon.
You visited 1 branch of the dungeon, and saw 4 of its levels.

You collected 164 gold pieces.

Inventory:

Hand Weapons
 a - a +1 dagger of venom (weapon)
Missiles
 p - 26 poisoned darts (quivered)
Armour
 b - a +1 robe (worn)
Jewellery
 c - a ring of flight
 r - a ring of positive energy (left hand)
Scrolls
 d - 2 scrolls of magic mapping
 m - 5 scrolls of identify
 o - a scroll of amnesia
 q - a scroll of immolation
Potions
 j - a potion of ambrosia


   Skills:
 - Level 1.3 Short Blades
 - Level 2.4 Dodging
 + Level 5.9 Stealth
 + Level 3.7 Spellcasting
 + Level 4.2 Hexes
 - Level 1.1 Ice Magic


You had 4 spell levels left.
You knew the following spells:

 Your Spells              Type           Power      Damage    Failure   Level
a - Ensorcelled Hibernat  Hex/Ice        26%        N/A       8%          2
b - Confusing Touch       Hex            18%        N/A       8%          3
c - Dazzling Flash        Conj/Hex       22%        N/A       19%         3

Your spell library contained the following spells:

 Spells                   Type           Power      Damage    Failure   Level
 Tukima's Dance           Hex            18%        N/A       8%          3
 Sandblast                Erth           6%         2d5       16%         1
 Passwall                 Tmut/Erth      2%         N/A       22%         2
 Stone Arrow              Conj/Erth      6%         3d7       41%         3
 Enfeeble                 Hex            9%         N/A       100%        7


Dungeon Overview and Level Annotations

Branches:
Dungeon (4/15)
 Temple: D:4-7

Altars:
Sif Muna

Annotations:
D:3 1 runed translucent door, rougesareth's ghost, amateur MfGl


Innate Abilities, Weirdness & Mutations

You are small and have problems with some larger weapons.
You are completely attuned to the shadows.
You expend magic power (3 MP) to strengthen your wands.


Message History

You catch the helpless phantom completely off-guard!
You puncture the phantom!
The phantom is almost destroyed.
The phantom barely misses you.
You barely miss the phantom.
The phantom is almost destroyed.
You hit the phantom.
The phantom is almost destroyed.
The phantom seems less confused.
The phantom hits you.
You barely miss the phantom.
The phantom is almost destroyed.
The phantom barely misses you.
Casting: Confusing Touch (quite dangerous; 8% risk of failure)
Confirm with . or Enter, or press ? or * to list all spells.
The spell is quite dangerous to miscast (8% risk of failure)!
Continue anyway?
Okay, then.
Casting: Confusing Touch (quite dangerous; 8% risk of failure)
Confirm with . or Enter, or press ? or * to list all spells.
The spell is quite dangerous to miscast (8% risk of failure)!
Continue anyway?
Your hands begin to glow red.
The phantom hits you but does no damage.
You barely miss the phantom.
The phantom is almost destroyed.
The phantom hits you.
You barely miss the phantom.
The phantom is almost destroyed.
The phantom hits you!
You hit the phantom but do no damage.
The phantom is almost destroyed.
The phantom barely misses you.
You hit the phantom but do no damage.
The phantom is almost destroyed.
The phantom hits you!
* * * LOW HITPOINT WARNING * * *
The phantom blinks!
You blink.
Okay, then.
You closely miss the phantom.
The phantom is almost destroyed.
The phantom hits you.
You die...

.[........#
.........##
..........##
...........#
#..........#
..#...)....#
####.....#
#..#...#
....)@..#
....W.§.#
.....§.#
.##.....#
#...###
...##


You could see a phantom.

Vanquished Creatures
  A scorpion (D:3)
  A hound (D:3)
  Natasha (twice) (D:3)
  4 dart slugs
  5 orcs (D:3)
  5 bats
  5 endoplasms
  2 giant cockroaches
  3 goblins
  8 hobgoblins
  5 kobolds
  2 quokkas (D:1)
  7 ball pythons
  3 frilled lizards
  3 rats
56 creatures vanquished.

Vanquished Creatures (others)
  9 plants (D:2)
9 creatures vanquished.

Grand Total: 65 creatures vanquished

Notes
Turn   | Place    | Note
-------+----------+-------------------------------------------
     0 | D:1      | ReploidZero the Kobold Enchanter began the quest for the
                  | Orb.
     0 | D:1      | Reached XP level 1. HP: 10/10 MP: 3/3
    77 | D:1      | Reached XP level 2. HP: 15/15 MP: 5/5
   502 | D:1      | Learned a level 2 spell: Ensorcelled Hibernation
   627 | D:1      | Reached XP level 3. HP: 13/19 MP: 1/6
  1173 | D:1      | Found a faded altar of an unknown god.
  2251 | D:2      | Noticed a necrophage
  2390 | D:2      | Reached XP level 4. HP: 10/24 MP: 8/8
  2600 | D:2      | Learned a level 3 spell: Confusing Touch
  2604 | D:2      | Learned a level 3 spell: Dazzling Flash
  2820 | D:3      | Found a shimmering blue altar of Sif Muna.
  2901 | D:3      | Found a runed translucent door.
  2901 | D:3      | Noticed rougesareth's ghost (amateur MfGl)
  2930 | D:3      | Noticed Natasha
  2933 | D:3      | Killed Natasha
  2934 | D:3      | Reached skill level 5 in Stealth
  2934 | D:3      | Reached skill level 1 in Ice Magic
  3140 | D:3      | Reached XP level 5. HP: 28/28 MP: 9/9
  3280 | D:3      | Gained mutation: You expend magic power (3 MP) to
                  | strengthen your wands. [potion of mutation]
  3447 | D:3      | Noticed Natasha
  3453 | D:3      | Killed Natasha
  3454 | D:3      | Reached XP level 6. HP: 11/32 MP: 4/11
  3984 | D:4      | Slain by a phantom

Illustrated notes

Levels and vault maps discovered:
D:1:      dpeg_arrival_lava_altar, layout_loops_cross,
          hellmonk_ecumenical_altar_lost_god
D:2:      layout_rooms, serial_bayou_pond_c
D:3:      layout_loops_ring, mainiacjoe_overflow_chevrons,
          hellmonk_ghost_happy_afterlife, uniq_natasha
D:4:      layout_cave_pools, gammafunk_temple_overflow_statue

Skill      XL: |  1  2  3  4  5 |
---------------+----------------+-----
Stealth        | 5 |  5.9
Spellcasting   | 3 |  3.7
Ice Magic      | 1 |  1.1
Hexes          | 4 |  4.2
Short Blades   | |  1.3
Dodging        | |  2.4

Action                   |  1- 3 |  4- 6 || total
-------------------------+-------+-------++-------
Melee: Dagger            |   127 |    50 ||   177
 Cast: Ensorcelled Hiber |     3 |     4 ||     7
       Confusing Touch   |       |     5 ||     5
  Use: Potion            |     1 |     2 ||     3
       Scroll            |     1 |    10 ||    11
 Stab: Sleeping          |    23 |    12 ||    35
       Confused          |       |     4 ||     4
Armor: Robe              |    13 |     4 ||    17
Dodge: Dodged            |    70 |    22 ||    92

Table legend: (Time is in decaauts)
 A = Elapsed time spent in this place.
 B = Non-inter-level travel time spent in this place.
 C = Inter-level travel time spent in this place.
 D = Time resting spent in this place.
 E = Time spent auto-exploring this place.
 F = Levels seen in this place.
 G = Mean time per level.
                   A        B        C        D        E       F      G
               +--------+--------+--------+--------+--------+-----+--------+
         Total |   3978 |   3883 |     95 |      0 |   3189 |   4 |  994.5 |
       Dungeon |   3978 |   3883 |     95 |      0 |   3189 |   4 |  994.5 |
               +--------+--------+--------+--------+--------+-----+--------+

Top non-repeatable levels by time:
     D:1: 1644 daAuts
     D:3: 1192 daAuts
     D:2: 1076 daAuts
     D:4: 64 daAuts
